 Dungeon Crawl Stone Soup version 0.29.0-4-gdea44cf6ec (webtiles) character file.

Game seed: 2787306182726965581

32 qw the Sneak (level 3, -7/23 HPs)
             Began as a Gargoyle Delver on Sept 10, 2022.
             Mangled by an ogre
             ... wielding a +0 giant club
              (11 damage)
             ... on level 4 of the Dungeon.
             The game lasted 00:00:08 (577 turns).

qw the Sneak (Gargoyle Delver)                       Turns: 577, Time: 00:00:09

Health: -7/23      AC: 10    Str: 17    XL:     3   Next: 27%
Magic:  3/3        EV: 10    Int: 10    God:
Gold:   12         SH:  0    Dex: 11    Spells: 2/2 levels left

rFire   . . .      SeeInvis .   Y - +0 hand axe
rCold   . . .      Faith    .   (no shield)
rNeg    + . .      Spirit   .   j - +0 ring mail
rPois   inf        Reflect  .   (no helmet)
rElec   +          Harm     .   (no cloak)
rCorr   .          Rampage  .   h - +1 pair of gloves
Will    .....                   (no boots)
Stlth   ++........              (no amulet)
HPRegen 0.07/turn               (no ring)
MPRegen 0.08/turn               (no ring)

@: no status effects
A: sickness immunity, AC +3, negative energy resistance 1, electricity
resistance, torment resistance 1, petrification resistance
a: no special abilities


You were on level 4 of the Dungeon.
You visited 1 branch of the dungeon, and saw 2 of its levels.

You collected 12 gold pieces.


Innate Abilities, Weirdness & Mutations

You are immune to sickness and miasma.
Your stone body is resilient. (AC +3)
You are immune to poison.
You resist negative energy. (rN+)
You are resistant to electric shocks. (rElec)
You are resistant to unholy torment.
You are immune to petrification.


   Skills:
 - Level 3.2 Fighting
 - Level 3.2 Axes
 + Level 0.2 Armour
 - Level 1.5 Dodging
 - Level 5.4 Stealth


You had 2 spell levels left.
You didn't know any spells.
Your spell library was empty.

Inventory:

Hand Weapons
 a - a +0 club
 Y - a +0 hand axe (weapon)
Armour
 h - a +1 pair of gloves (worn)
 j - a +0 ring mail (worn)
Wands
 g - a wand of digging (3)
Potions
 f - a potion of haste

Dungeon Overview and Level Annotations

Branches:
Dungeon (5/15)
 Temple: D:4-7

Altars:


Message History

The orc shouts!
You hit the orc.
The orc is heavily wounded.
The orc closely misses you.
You closely miss the orc.
The orc is heavily wounded.
The orc hits you but does no damage.
You barely miss the orc.
The orc is heavily wounded.
The orc misses you.
You hit the orc.
You kill the orc!
a - a +0 club
There is a stone staircase leading down here.
An ogre comes into view. It is wielding a +0 giant club.
The ogre shouts!
An iguana comes into view.
567 ||| Stepping ~*~*~tactically~*~*~ (stealth).
There is a stone staircase leading down here.
You closely miss the ogre.
The ogre hits you with a +0 giant club!!
Ouch! That really hurt!
You slash the ogre!
The ogre is moderately wounded.
The ogre barely misses you.
You barely miss the ogre.
The ogre is moderately wounded.
The ogre barely misses you.
You hit the ogre.
The ogre is moderately wounded.
You hit the ogre.
The ogre is moderately wounded.
The ogre barely misses you.
You hit the ogre.
The ogre is heavily wounded.
The ogre barely misses you.
You hit the ogre.
The ogre is severely wounded.
The ogre hits you with a +0 giant club!
You die...

.###.#l
...... .....
#...# ...#
..# # #.#
#.#O####.#
#...@....#
###..........
###########


You could see an ogre.

Vanquished Creatures
  A jelly (D:5)
  An orc (D:4)
  A quokka (D:5)
3 creatures vanquished.

Notes
Turn   | Place    | Note
-------+----------+-------------------------------------------
     0 | D:5      | qw the Gargoyle Delver began the quest for the Orb.
     0 | D:5      | Reached XP level 1. HP: 14/14 MP: 1/1
     0 | D:5      | 0 ||| qw: Version: 0.1-a-116-g5d60599
     0 | D:5      | 0 ||| qw: Game counter: 8101
     0 | D:5      | 0 ||| qw: Always use a shield: true
     0 | D:5      | 0 ||| qw: God list: Okawaru
     0 | D:5      | 0 ||| qw: Allow faded altars: false
     0 | D:5      | 0 ||| qw: Do Orc after D:15 true
     0 | D:5      | 0 ||| qw: Do second Lair branch before Depths: true
     0 | D:5      | 0 ||| qw: Lair rune preference: random
     0 | D:5      | 0 ||| qw: Plans: Normal
     0 | D:5      | 0 ||| PLANNING D:1-11
   218 | D:5      | Noticed a jelly
   231 | D:5      | Killed a jelly
   232 | D:5      | Reached skill level 3 in Axes
   232 | D:5      | Reached XP level 2. HP: 7/19 MP: 2/2
   232 | D:5      | Reached XP level 3. HP: 8/23 MP: 3/3
   467 | D:5      | 467 ||| UPGRADING to +1 pair of gloves.
   472 | D:5      | 472 ||| UPGRADING to +0 ring mail.
   482 | D:5      | 482 ||| DROPPING +0 leather armour.
   483 | D:5      | 483 ||| READING scroll labelled FEMUOTH ZIMITE.
   484 | D:5      | 484 ||| READING scroll labelled RAAMUNY XESADGH.
   535 | D:5      | 535 ||| DROPPING scroll of fog.
   536 | D:5      | 536 ||| DROPPING scroll of magic mapping.
   537 | D:5      | 537 ||| DROPPING scroll of fear.
   561 | D:4      | Noticed an ogre
   567 | D:4      | 567 ||| Stepping ~*~*~tactically~*~*~ (stealth).
   571 | D:4      | HP: 3/23 [ogre/+0 giant club (20)]
   577 | D:4      | Mangled by an ogre

Levels and vault maps discovered:
D:4:      layout_loops_ring
D:5:      layout_basic, minmay_misc_feat_room

Skill      XL: |  1 |
---------------+----+-----
Axes           | 3 |  3.2
Fighting       | |  3.2
Armour         | |  0.2
Dodging        | |  1.5
Stealth        | |  5.4

Action                   || total
-------------------------++-------
Melee: Hand axe          ||    26
  Use: Scroll            ||     2
Armor: Leather armour    ||     3
       Ring mail         ||     1
Dodge: Dodged            ||    16

Table legend:
 A = Non-vault XP
 B = Vault XP
 C = Vault XP percentage of total XP
 D = Non-vault monster count
 E = Vault monster count
 F = Vault count percentage of total count
                 A         B        C        D         E       F
            +---------+---------+-------+---------+---------+-------
      Total |      47 |       0 |   0.0 |       3 |       0 |   0.0
            +---------+---------+-------+---------+---------+-------
        D:4 |       3 |       0 |   0.0 |       1 |       0 |   0.0
        D:5 |      44 |       0 |   0.0 |       2 |       0 |   0.0
            +---------+---------+-------+---------+---------+-------
